Rangers vs Senators

Created - April-20-13 at 11:29

Goals
1 2 3 T
Rangers 1 1 2 4
Senators 1 1 1 3
Shots
1 2 3 T
Rangers 4 9 14 27
Senators 5 9 5 19

1st period

1. Senators , Joni Pitkanen 1 (David Clarkson, James Neal) at 0:48 (PP)
2. Rangers , Daniel Alfredsson 3 (Alex Goligoski, Francois Beauchemin) at 7:37 (PP)

Penalties :
Stephane Robidas (NYR) for Interference (Minor) at 0:07, James Neal (OTT) for Hooking (Minor) at 6:57, Francois Beauchemin (NYR) for Interference (Minor) at 10:15, Dan Girardi (NYR) for Cross-checking (Minor) at 10:41, Francois Beauchemin (NYR) for Roughing (Minor) at 13:45, Chris Kunitz (NYR) for Charging (Minor) at 16:04, Chris Kunitz (NYR) for Tripping (Minor) at 19:55

2nd period

3. Senators , Sidney Crosby 1 (Joni Pitkanen) at 5:41
4. Rangers , Daniel Alfredsson 4 (Francois Beauchemin, Vinny Prospal) at 9:22 (PP)

Penalties :
David Clarkson (OTT) for Hooking (Minor) at 8:15, Jared Cowen (OTT) for Tripping (Minor) at 9:33, Chris Kunitz (NYR) for Hooking (Minor) at 12:49, Joni Pitkanen (OTT) for Slashing (Minor) at 18:43

3rd period

5. Rangers , Radim Vrbata 2 (David Legwand, Mike Weaver) at 3:02
6. Rangers , Ilya Kovalchuk 1 (Dan Girardi, David Legwand) at 11:07 (PP)
7. Senators , Jason Spezza 1 (Jared Cowen, Joni Pitkanen) at 17:55

Penalties :
Guillaume Latendresse (OTT) for Delaying the game (Minor) at 7:17, James Neal (OTT) for Holding (Minor) at 9:20, Colin White (OTT) for Hooking (Minor) at 13:54, David Clarkson (OTT) for Hooking (Minor) at 18:16

Goalie Stats

Tomas Vokoun (NYR), 16 saves from 19 shots - (0.842), W, 2-1-0, 60:00 minutes
Carey Price (OTT), 23 saves from 27 shots - (0.852), L, 1-2-0, 60:00 minutes

Players Stats for Rangers

Player Name              G  A  P  +/- PIM S  H  SB GA TA FO     MP     PP MP  PK MP  
------------------------------------------------------------------------------------
Alex Goligoski           0  1  1   0  0   0  0  0  0  0  0/0    19:00   7:25   0:46 
Bryan Allen              0  0  0   0  0   0  0  0  0  0  0/0    14:15   0:00   3:26 
Chris Kunitz             0  0  0   1  6   1  3  0  0  0  0/2    11:40   0:00   0:00 
Dan Girardi              0  1  1   0  2   3  2  2  0  0  0/0    23:26   5:48   5:36 
Daniel Alfredsson        2  0  2  -2  0   5  0  0  0  0  0/0    18:20   5:47   0:00 
David Legwand            0  2  2   1  0   3  0  0  0  0  11/23  19:59   7:26   0:50 
Francois Beauchemin      0  2  2  -1  4   1  3  0  0  0  0/0    24:25   7:25   4:08 
Frans Nielsen            0  0  0   0  0   1  0  0  0  0  5/6     6:05   0:00   3:36 
Ilya Kovalchuk           1  0  1  -2  0   6  1  0  0  0  1/1    19:59   7:26   0:00 
Jim Slater               0  0  0   0  0   2  0  0  0  0  10/15   9:29   0:00   7:00 
Jiri Hudler              0  0  0   0  0   0  1  0  0  0  1/1     9:15   0:15   0:00 
Matt Read                0  0  0   0  0   1  2  0  0  0  4/9    12:23   0:00   3:23 
Mike Weaver              0  1  1   0  0   0  1  3  0  0  0/0    17:34   0:00   5:32 
Radim Vrbata             1  0  1   1  0   1  1  0  0  0  0/0    19:09   7:26   0:00 
Stephane Robidas         0  0  0  -1  2   1  3  2  0  0  0/0    21:16   5:48   2:35 
Travis Moen              0  0  0   0  0   1  0  0  0  0  0/0     8:11   0:00   5:42 
Tyler Ennis              0  0  0  -2  0   0  0  0  0  0  14/20  18:05   5:32   0:00 
Vinny Prospal            0  1  1   0  0   1  0  0  0  0  1/2    14:47   5:47   0:00 

Players Stats for Senators

Player Name              G  A  P  +/- PIM S  H  SB GA TA FO     MP     PP MP  PK MP  
------------------------------------------------------------------------------------
Adrian Aucoin            0  0  0   0  0   1  1  1  0  0  0/0    19:51   0:00   5:50 
Anton Stralman           0  0  0   0  0   1  0  1  0  0  0/0    20:30   4:49   1:40 
Claude Giroux            0  0  0   0  0   1  2  0  0  0  5/12   15:11   5:04   0:00 
Colin White              0  0  0   0  2   0  0  1  0  0  0/0    18:57   5:16   6:09 
Craig Adams              0  0  0   0  0   0  1  0  0  0  12/23  18:28   0:00   8:21 
Daniel Sedin             0  0  0   0  0   2  1  0  0  0  2/3    16:54   5:04   1:43 
David Clarkson           0  1  1   1  4   2  3  0  0  0  1/2    15:29   5:54   0:00 
Dion Phaneuf             0  0  0   0  0   2  4  0  0  0  0/0    16:00   5:20   0:00 
Guillaume Latendresse    0  0  0   1  2   0  0  0  0  0  0/0    17:13   0:00   7:37 
James Neal               0  1  1   0  4   2  2  0  0  0  0/2    16:58   5:58   0:00 
Jared Cowen              0  1  1   1  2   1  4  3  0  0  0/0    18:01   0:57   6:01 
Jason Spezza             1  0  1   1  0   1  0  0  0  0  7/16   14:41   5:04   0:00 
Jay Pandolfo             0  0  0   0  0   0  0  0  0  0  1/4     8:52   0:00   3:53 
Jim OBrien               0  0  0   0  0   2  1  0  0  0  0/0    17:07   0:04   1:02 
Joni Pitkanen            1  2  3   1  2   1  0  0  0  0  0/0    16:45   5:42   0:00 
Kaspars Daugavins        0  0  0   0  0   0  1  0  0  0  0/0     8:49   0:00   3:50 
Sidney Crosby            1  0  1   0  0   3  0  0  0  0  4/17   17:00   5:58   0:00 
Steve Staios             0  0  0   0  0   0  0  0  0  0  0/0     9:53   0:00   6:46 

3 Stars

1 - Joni Pitkanen (OTT)
2 - Daniel Alfredsson (NYR)
3 - Radim Vrbata (NYR)

Power Play

Rangers - 3 on 8 Attempt(s) - 37.50%
Senators - 1 on 7 Attempt(s) - 14.29%

Penalty Kill

Rangers - 6 on 7 Attempt(s) - 85.71% - Score 0 goal in Penalty Kill
Senators - 5 on 8 Attempt(s) - 62.50% - Score 0 goal in Penalty Kill

Official

Referees : Dean Morton and Stephane Auger
Linesman : Lonnie Cameron and Mike Cvik

Game Notes

No Game Note

Finance

Level 1 -- Attendance: 6500 (100.00%) -- Ticket Income $650,000
Level 2 -- Attendance: 5000 (100.00%) -- Ticket Income $300,000
Level 3 -- Attendance: 3500 (100.00%) -- Ticket Income $122,500
Level 4 -- Attendance: 3153 (100.00%) -- Ticket Income $94,590
Luxury Box -- Attendance: 1000 (100.00%) -- Ticket Income $250,000
Game was played at the Scotiabank Place
Total Attendance: 19153 (100.00%)
Total Ticket Income: $1,417,090
Other Income: $212,564
Total Income: $1,629,654


% Time on Ice - Rangers

Lines # - Real PCT - Wanted PCT - Time Play
Normal Forward
1 - 35% - 40% - 12:33
2 - 33% - 32% - 11:43
3 - 25% - 23% - 9:00
4 - 7% - 5% - 2:29
Normal Defense
1 - 35% - 40% - 12:36
2 - 34% - 30% - 12:02
3 - 30% - 20% - 10:49
4 - 1% - 10% - 0:18
PP Forward
1 - 56% - 60% - 7:26
2 - 44% - 40% - 5:47
PP Defense
1 - 56% - 60% - 7:25
2 - 44% - 40% - 5:48
PK Forward
1 - 64% - 60% - 6:06
2 - 36% - 40% - 3:23
PK Defense
1 - 64% - 60% - 6:03
2 - 36% - 40% - 3:26
PK3 Forward
1 - 86% - 60% - 1:20
2 - 14% - 40% - 0:13
PK3 Defense
1 - 100% - 60% - 1:33
2 - 0% - 40% - 0:00
44 Forward
1 - 0% - 60%
2 - 0% - 40%
44 Defense
1 - 0% - 60%
2 - 0% - 40%
Last Minute Offensive  - 0:00
Last Minute Defensive  - 0:00
Total
Forward - 60:00
Defense - 60:00

% Time on Ice - Senators

Lines # - Real PCT - Wanted PCT - Time Play
Normal Forward
1 - 28% - 30% - 10:07
2 - 31% - 30% - 11:02
3 - 27% - 30% - 9:37
4 - 14% - 10% - 4:59
Normal Defense
1 - 39% - 40% - 14:01
2 - 31% - 30% - 11:04
3 - 21% - 20% - 7:33
4 - 9% - 10% - 3:07
PP Forward
1 - 54% - 60% - 5:58
2 - 46% - 40% - 5:04
PP Defense
1 - 52% - 60% - 5:42
2 - 48% - 40% - 5:20
PK Forward
1 - 71% - 60% - 9:23
2 - 29% - 40% - 3:50
PK Defense
1 - 46% - 60% - 6:04
2 - 54% - 40% - 7:09
PK3 Forward
1 - 0% - 60%
2 - 0% - 40%
PK3 Defense
1 - 0% - 60%
2 - 0% - 40%
44 Forward
1 - 0% - 60%
2 - 0% - 40%
44 Defense
1 - 0% - 60%
2 - 0% - 40%
Last Minute Offensive  - 0:00
Last Minute Defensive  - 0:00
Total
Forward - 60:00
Defense - 60:00

Play by Play

1st period


0:01 of 1st period - Claude Giroux wins face-off versus Tyler Ennis in neutral zone.
0:07 of 1st period - Minor Penalty to Stephane Robidas for Interference.
0:08 of 1st period - Sidney Crosby wins face-off versus Jim Slater in Rangers zone.
0:40 of 1st period - James Neal is hit by Mike Weaver.
0:42 of 1st period - Shot by Sidney Crosby.
0:42 of 1st period - Shot Blocked by Mike Weaver.
0:44 of 1st period - Shot by James Neal.
0:44 of 1st period - Shot Misses the Net.
0:46 of 1st period - Shot by David Clarkson.
0:46 of 1st period - Shot Misses the Net.
0:48 of 1st period - Shot by Joni Pitkanen.
0:48 of 1st period - Goal by Joni Pitkanen - Rangers : 0 - Senators : 1.
0:49 of 1st period - David Legwand wins face-off versus Claude Giroux in neutral zone.
1:16 of 1st period - David Legwand is hit by Dion Phaneuf and loses puck.
1:55 of 1st period - Shot by Joni Pitkanen.
1:55 of 1st period - Shot Misses the Net.
2:21 of 1st period - Shot by Ilya Kovalchuk.
2:21 of 1st period - Shot Blocked by Jared Cowen.
2:42 of 1st period - Icing by Joni Pitkanen.
2:43 of 1st period - Jay Pandolfo wins face-off versus Matt Read in Senators zone.
2:43 of 1st period - Jay Pandolfo is hit by Matt Read.
3:13 of 1st period - Shot by Jason Spezza.
3:13 of 1st period - Shot Misses the Net.
3:51 of 1st period - Shot by Claude Giroux.
3:51 of 1st period - Stopped by Tomas Vokoun with a rebound.
3:55 of 1st period - Shot by Daniel Sedin.
3:55 of 1st period - Stopped by Tomas Vokoun without a rebound.
3:56 of 1st period - Tyler Ennis wins face-off versus Claude Giroux in Rangers zone.
5:22 of 1st period - Icing by Radim Vrbata.
5:23 of 1st period - David Legwand wins face-off versus Sidney Crosby in Rangers zone.
5:34 of 1st period - Icing by Mike Weaver.
5:35 of 1st period - David Legwand wins face-off versus David Clarkson in Rangers zone.
6:12 of 1st period - Shot by David Clarkson.
6:12 of 1st period - Shot Misses the Net.
6:14 of 1st period - Shot by Jared Cowen.
6:14 of 1st period - Stopped by Tomas Vokoun without a rebound.
6:15 of 1st period - Frans Nielsen wins face-off versus Sidney Crosby in Rangers zone.
6:15 of 1st period - Frans Nielsen is hit by Jim OBrien.
6:57 of 1st period - Minor Penalty to James Neal for Hooking.
6:58 of 1st period - Ilya Kovalchuk wins face-off versus Craig Adams in Senators zone.
6:59 of 1st period - Shot by Radim Vrbata.
6:59 of 1st period - Shot Blocked by Jared Cowen.
7:01 of 1st period - Shot by Dan Girardi.
7:01 of 1st period - Shot Blocked by Jared Cowen.
7:03 of 1st period - Shot by Stephane Robidas.
7:03 of 1st period - Shot Misses the Net.
7:21 of 1st period - Shot by Ilya Kovalchuk.
7:21 of 1st period - Stopped by Carey Price without a rebound.
7:22 of 1st period - Tyler Ennis wins face-off versus Craig Adams in Senators zone.
7:33 of 1st period - Shot by Francois Beauchemin.
7:33 of 1st period - Shot Misses the Net.
7:35 of 1st period - Shot by Alex Goligoski.
7:35 of 1st period - Shot Misses the Net.
7:37 of 1st period - Shot by Daniel Alfredsson.
7:37 of 1st period - Goal by Daniel Alfredsson - Rangers : 1 - Senators : 1.
7:38 of 1st period - David Legwand wins face-off versus James Neal in neutral zone.
7:52 of 1st period - Sidney Crosby is hit by Dan Girardi and loses puck.
9:01 of 1st period - Shot by Ilya Kovalchuk.
9:01 of 1st period - Stopped by Carey Price without a rebound.
9:02 of 1st period - Claude Giroux wins face-off versus Matt Read in Senators zone.
10:15 of 1st period - Minor Penalty to Francois Beauchemin for Interference.
10:16 of 1st period - Sidney Crosby wins face-off versus Jim Slater in Rangers zone.
10:16 of 1st period - James Neal is hit by Stephane Robidas and loses puck.
10:24 of 1st period - Sidney Crosby is hit by Dan Girardi.
10:28 of 1st period - Shot by David Clarkson.
10:28 of 1st period - Shot Misses the Net.
10:30 of 1st period - Shot by David Clarkson.
10:30 of 1st period - Shot Blocked by Dan Girardi.
10:32 of 1st period - Shot by Anton Stralman.
10:32 of 1st period - Shot Blocked by Stephane Robidas.
10:41 of 1st period - Minor Penalty to Dan Girardi for Cross-checking.
10:42 of 1st period - Jim Slater wins face-off versus Jason Spezza in Rangers zone.
10:48 of 1st period - Icing by Jason Spezza.
10:49 of 1st period - Jason Spezza wins face-off versus Jim Slater in Senators zone.
11:02 of 1st period - Icing by Jason Spezza.
11:03 of 1st period - Jim Slater wins face-off versus Jason Spezza in Senators zone.
11:11 of 1st period - Off-side.
11:12 of 1st period - Jim Slater wins face-off versus Sidney Crosby in neutral zone.
11:43 of 1st period - Mike Weaver is hit by David Clarkson and loses puck.
12:51 of 1st period - Shot by Ilya Kovalchuk.
12:51 of 1st period - Shot Misses the Net.
12:53 of 1st period - Shot by Bryan Allen.
12:53 of 1st period - Shot Blocked by Adrian Aucoin.
12:57 of 1st period - Shot by Tyler Ennis.
12:57 of 1st period - Deflect By Ilya Kovalchuk.
12:57 of 1st period - Shot Misses the Net.
13:44 of 1st period - Jason Spezza is hit by Francois Beauchemin and loses puck.
13:45 of 1st period - Minor Penalty to Francois Beauchemin for Roughing.
13:46 of 1st period - Jim Slater wins face-off versus Sidney Crosby in Rangers zone.
14:15 of 1st period - Shot by Jim Slater.
14:15 of 1st period - Stopped by Carey Price without a rebound.
14:16 of 1st period - Daniel Sedin wins face-off versus Frans Nielsen in Senators zone.
14:21 of 1st period - Dan Girardi is hit by Claude Giroux and loses puck.
14:33 of 1st period - Icing by Claude Giroux.
14:34 of 1st period - Jim Slater wins face-off versus Jason Spezza in Senators zone.
14:35 of 1st period - Shot by Travis Moen.
14:35 of 1st period - Shot Misses the Net.
14:51 of 1st period - Off-side.
14:52 of 1st period - Jim Slater wins face-off versus Sidney Crosby in neutral zone.
15:32 of 1st period - Shot by Dion Phaneuf.
15:32 of 1st period - Shot Misses the Net.
15:56 of 1st period - Anton Stralman is hit by Chris Kunitz and loses puck.
16:04 of 1st period - Minor Penalty to Chris Kunitz for Charging.
16:05 of 1st period - Jim Slater wins face-off versus Jason Spezza in Rangers zone.
16:05 of 1st period - Jim Slater is hit by Claude Giroux.
17:18 of 1st period - Shot by James Neal.
17:18 of 1st period - Shot Misses the Net.
17:20 of 1st period - Shot by James Neal.
17:20 of 1st period - Stopped by Tomas Vokoun with a rebound.
17:22 of 1st period - Shot by Colin White.
17:22 of 1st period - Shot Misses the Net.
18:24 of 1st period - Shot by Ilya Kovalchuk.
18:24 of 1st period - Shot Misses the Net.
19:15 of 1st period - Guillaume Latendresse is hit by Ilya Kovalchuk and loses puck.
19:49 of 1st period - Claude Giroux is hit by Stephane Robidas and loses puck.
19:55 of 1st period - Minor Penalty to Chris Kunitz for Tripping.
19:56 of 1st period - Jim Slater wins face-off versus Sidney Crosby in Rangers zone.
19:56 of 1st period - Jim Slater is hit by James Neal.

2nd period


0:01 of 2nd period - Jim Slater wins face-off versus Sidney Crosby in neutral zone.
0:26 of 2nd period - Shot by Sidney Crosby.
0:26 of 2nd period - Shot Blocked by Mike Weaver.
0:30 of 2nd period - Shot by Joni Pitkanen.
0:30 of 2nd period - Shot Blocked by Mike Weaver.
0:32 of 2nd period - Shot by James Neal.
0:32 of 2nd period - Stopped by Tomas Vokoun with a rebound.
0:34 of 2nd period - Shot by Anton Stralman.
0:34 of 2nd period - Stopped by Tomas Vokoun without a rebound.
0:35 of 2nd period - Frans Nielsen wins face-off versus Jason Spezza in Rangers zone.
1:10 of 2nd period - Shot by Jason Spezza.
1:10 of 2nd period - Shot Misses the Net.
1:36 of 2nd period - Shot by James Neal.
1:36 of 2nd period - Shot Misses the Net.
2:03 of 2nd period - Off-side.
2:04 of 2nd period - Tyler Ennis wins face-off versus Jay Pandolfo in neutral zone.
2:24 of 2nd period - Jay Pandolfo is hit by Stephane Robidas.
2:29 of 2nd period - Off-side.
2:30 of 2nd period - David Legwand wins face-off versus Jason Spezza in neutral zone.
2:49 of 2nd period - Icing by Adrian Aucoin.
2:50 of 2nd period - Tyler Ennis wins face-off versus Jason Spezza in Senators zone.
2:51 of 2nd period - Shot by Daniel Alfredsson.
2:51 of 2nd period - Stopped by Carey Price without a rebound.
2:52 of 2nd period - Tyler Ennis wins face-off versus Sidney Crosby in Senators zone.
2:52 of 2nd period - Daniel Alfredsson is hit by Jared Cowen and loses puck.
3:05 of 2nd period - Shot by Sidney Crosby.
3:05 of 2nd period - Stopped by Tomas Vokoun with a rebound.
3:59 of 2nd period - Shot by Chris Kunitz.
3:59 of 2nd period - Stopped by Carey Price without a rebound.
4:00 of 2nd period - Claude Giroux wins face-off versus Matt Read in Senators zone.
4:48 of 2nd period - Off-side.
4:49 of 2nd period - David Legwand wins face-off versus Jason Spezza in neutral zone.
5:18 of 2nd period - Shot by David Legwand.
5:18 of 2nd period - Stopped by Carey Price without a rebound.
5:19 of 2nd period - Tyler Ennis wins face-off versus Sidney Crosby in Senators zone.
5:32 of 2nd period - Ilya Kovalchuk is hit by Jared Cowen and loses puck.
5:41 of 2nd period - Shot by Sidney Crosby.
5:41 of 2nd period - Goal by Sidney Crosby - Rangers : 1 - Senators : 2.
5:42 of 2nd period - David Legwand wins face-off versus Claude Giroux in neutral zone.
6:20 of 2nd period - Shot by David Legwand.
6:20 of 2nd period - Stopped by Carey Price with a rebound.
6:22 of 2nd period - Shot by Francois Beauchemin.
6:22 of 2nd period - Shot Misses the Net.
6:24 of 2nd period - Shot by Francois Beauchemin.
6:24 of 2nd period - Shot Misses the Net.
6:26 of 2nd period - Shot by Chris Kunitz.
6:26 of 2nd period - Shot Misses the Net.
6:52 of 2nd period - Shot by Ilya Kovalchuk.
6:52 of 2nd period - Stopped by Carey Price without a rebound.
6:53 of 2nd period - Matt Read wins face-off versus Sidney Crosby in Senators zone.
6:53 of 2nd period - Bryan Allen is hit by Jared Cowen and loses puck.
7:02 of 2nd period - Jim OBrien is hit by Matt Read.
8:01 of 2nd period - Vinny Prospal is hit by Dion Phaneuf and loses puck.
8:12 of 2nd period - Vinny Prospal is hit by David Clarkson.
8:15 of 2nd period - Minor Penalty to David Clarkson for Hooking.
8:16 of 2nd period - Craig Adams wins face-off versus David Legwand in Senators zone.
8:30 of 2nd period - Off-side.
8:31 of 2nd period - Craig Adams wins face-off versus David Legwand in neutral zone.
8:42 of 2nd period - Shot by Dan Girardi.
8:42 of 2nd period - Stopped by Carey Price without a rebound.
8:43 of 2nd period - Craig Adams wins face-off versus David Legwand in Senators zone.
9:18 of 2nd period - Shot by Dan Girardi.
9:18 of 2nd period - Stopped by Carey Price without a rebound.
9:19 of 2nd period - Tyler Ennis wins face-off versus Craig Adams in Senators zone.
9:22 of 2nd period - Shot by Francois Beauchemin.
9:22 of 2nd period - Deflect By Daniel Alfredsson.
9:22 of 2nd period - Goal by Daniel Alfredsson - Rangers : 2 - Senators : 2.
9:23 of 2nd period - Frans Nielsen wins face-off versus Sidney Crosby in neutral zone.
9:33 of 2nd period - Minor Penalty to Jared Cowen for Tripping.
9:34 of 2nd period - Craig Adams wins face-off versus Tyler Ennis in Senators zone.
9:40 of 2nd period - Vinny Prospal is hit by Adrian Aucoin and loses puck.
9:49 of 2nd period - Shot by Daniel Alfredsson.
9:49 of 2nd period - Stopped by Carey Price without a rebound.
9:50 of 2nd period - Craig Adams wins face-off versus David Legwand in Senators zone.
11:24 of 2nd period - Shot by Alex Goligoski.
11:24 of 2nd period - Shot Blocked by Anton Stralman.
11:46 of 2nd period - Shot by James Neal.
11:46 of 2nd period - Shot Misses the Net.
12:02 of 2nd period - Shot by Sidney Crosby.
12:02 of 2nd period - Shot Misses the Net.
12:13 of 2nd period - Icing by Joni Pitkanen.
12:14 of 2nd period - Sidney Crosby wins face-off versus Chris Kunitz in Senators zone.
12:14 of 2nd period - Jared Cowen is hit by Chris Kunitz and loses puck.
12:20 of 2nd period - Jared Cowen is hit by Radim Vrbata and loses puck.
12:48 of 2nd period - Shot by Chris Kunitz.
12:48 of 2nd period - Shot Misses the Net.
12:49 of 2nd period - Minor Penalty to Chris Kunitz for Hooking.
12:50 of 2nd period - Jason Spezza wins face-off versus Jim Slater in Rangers zone.
12:53 of 2nd period - Shot by Claude Giroux.
12:53 of 2nd period - Deflect By Daniel Sedin.
12:53 of 2nd period - Shot Hit the Post.
12:55 of 2nd period - Shot by Dion Phaneuf.
12:55 of 2nd period - Stopped by Tomas Vokoun without a rebound.
12:56 of 2nd period - Jason Spezza wins face-off versus Jim Slater in Rangers zone.
15:04 of 2nd period - Shot by Jim OBrien.
15:04 of 2nd period - Stopped by Tomas Vokoun without a rebound.
15:05 of 2nd period - Matt Read wins face-off versus Claude Giroux in Rangers zone.
15:12 of 2nd period - Dan Girardi is hit by Daniel Sedin and loses puck.
15:59 of 2nd period - Stephane Robidas is hit by Kaspars Daugavins and loses puck.
16:38 of 2nd period - Shot by Dion Phaneuf.
16:38 of 2nd period - Stopped by Tomas Vokoun without a rebound.
16:39 of 2nd period - David Clarkson wins face-off versus Chris Kunitz in Rangers zone.
16:44 of 2nd period - Shot by David Clarkson.
16:44 of 2nd period - Stopped by Tomas Vokoun without a rebound.
16:45 of 2nd period - David Legwand wins face-off versus Claude Giroux in Rangers zone.
17:49 of 2nd period - Icing by Mike Weaver.
17:50 of 2nd period - Jason Spezza wins face-off versus Matt Read in Rangers zone.
18:23 of 2nd period - Shot by Adrian Aucoin.
18:23 of 2nd period - Stopped by Tomas Vokoun without a rebound.
18:24 of 2nd period - Tyler Ennis wins face-off versus James Neal in Rangers zone.
18:24 of 2nd period - Tyler Ennis is hit by James Neal.
18:43 of 2nd period - Minor Penalty to Joni Pitkanen for Slashing.
18:44 of 2nd period - David Legwand wins face-off versus Craig Adams in Senators zone.
19:08 of 2nd period - Icing by Francois Beauchemin.
19:09 of 2nd period - Craig Adams wins face-off versus David Legwand in Rangers zone.
19:25 of 2nd period - Ilya Kovalchuk is hit by Jared Cowen and loses puck.

3rd period


0:01 of 3rd period - Craig Adams wins face-off versus David Legwand in neutral zone.
0:22 of 3rd period - Shot by Radim Vrbata.
0:22 of 3rd period - Shot Blocked by Colin White.
0:40 of 3rd period - Shot by Ilya Kovalchuk.
0:40 of 3rd period - Shot Misses the Net.
0:54 of 3rd period - Shot by James Neal.
0:54 of 3rd period - Shot Blocked by Dan Girardi.
0:56 of 3rd period - Shot by Jim OBrien.
0:56 of 3rd period - Stopped by Tomas Vokoun without a rebound.
0:57 of 3rd period - Jim Slater wins face-off versus Jay Pandolfo in Rangers zone.
1:08 of 3rd period - Shot by Jim Slater.
1:08 of 3rd period - Stopped by Carey Price with a rebound.
1:18 of 3rd period - Shot by Dan Girardi.
1:18 of 3rd period - Stopped by Carey Price without a rebound.
1:19 of 3rd period - Tyler Ennis wins face-off versus Jason Spezza in Senators zone.
1:28 of 3rd period - Shot by Ilya Kovalchuk.
1:28 of 3rd period - Stopped by Carey Price with a rebound.
1:36 of 3rd period - Shot by Ilya Kovalchuk.
1:36 of 3rd period - Shot Misses the Net.
1:38 of 3rd period - Shot by Stephane Robidas.
1:38 of 3rd period - Shot Misses the Net.
1:40 of 3rd period - Shot by Daniel Alfredsson.
1:40 of 3rd period - Stopped by Carey Price with a rebound.
1:42 of 3rd period - Shot by Francois Beauchemin.
1:42 of 3rd period - Shot Misses the Net.
3:02 of 3rd period - Shot by Radim Vrbata.
3:02 of 3rd period - Goal by Radim Vrbata - Rangers : 3 - Senators : 2.
3:03 of 3rd period - Matt Read wins face-off versus Claude Giroux in neutral zone.
3:31 of 3rd period - Off-side.
3:32 of 3rd period - Jason Spezza wins face-off versus David Legwand in neutral zone.
3:49 of 3rd period - Shot by David Legwand.
3:49 of 3rd period - Shot Misses the Net.
4:32 of 3rd period - Anton Stralman is hit by Francois Beauchemin and loses puck.
4:38 of 3rd period - Off-side.
4:39 of 3rd period - Matt Read wins face-off versus Sidney Crosby in neutral zone.
4:58 of 3rd period - Shot by Matt Read.
4:58 of 3rd period - Stopped by Carey Price without a rebound.
4:59 of 3rd period - Claude Giroux wins face-off versus Tyler Ennis in Senators zone.
6:53 of 3rd period - Mike Weaver is hit by David Clarkson and loses puck.
7:17 of 3rd period - Minor Penalty to Guillaume Latendresse for Delaying the game.
7:18 of 3rd period - Craig Adams wins face-off versus Tyler Ennis in Senators zone.
7:30 of 3rd period - Off-side.
7:31 of 3rd period - Craig Adams wins face-off versus David Legwand in neutral zone.
7:42 of 3rd period - Shot by David Legwand.
7:42 of 3rd period - Stopped by Carey Price without a rebound.
7:43 of 3rd period - Tyler Ennis wins face-off versus Daniel Sedin in Senators zone.
9:10 of 3rd period - Icing by Vinny Prospal.
9:11 of 3rd period - Daniel Sedin wins face-off versus Vinny Prospal in Rangers zone.
9:12 of 3rd period - Shot by Craig Adams.
9:12 of 3rd period - Shot Misses the Net.
9:15 of 3rd period - Icing by Dan Girardi.
9:16 of 3rd period - Jiri Hudler wins face-off versus Craig Adams in Rangers zone.
9:20 of 3rd period - Minor Penalty to James Neal for Holding.
9:21 of 3rd period - Craig Adams wins face-off versus David Legwand in Senators zone.
10:43 of 3rd period - Shot by Francois Beauchemin.
10:43 of 3rd period - Shot Misses the Net.
10:49 of 3rd period - Shot by Daniel Alfredsson.
10:49 of 3rd period - Shot Misses the Net.
11:07 of 3rd period - Shot by Ilya Kovalchuk.
11:07 of 3rd period - The goal is going for a video replay.
11:07 of 3rd period - The goal is good.
11:07 of 3rd period - Goal by Ilya Kovalchuk - Rangers : 4 - Senators : 2.
11:08 of 3rd period - Frans Nielsen wins face-off versus Sidney Crosby in neutral zone.
11:23 of 3rd period - Shot by Frans Nielsen.
11:23 of 3rd period - Deflect By Travis Moen.
11:23 of 3rd period - Stopped by Carey Price without a rebound.
11:24 of 3rd period - Jason Spezza wins face-off versus Matt Read in Senators zone.
11:24 of 3rd period - Jason Spezza is hit by Jiri Hudler.
11:36 of 3rd period - Shot by David Clarkson.
11:36 of 3rd period - Stopped by Tomas Vokoun with a rebound.
11:45 of 3rd period - Jason Spezza is hit by Francois Beauchemin.
12:29 of 3rd period - Shot by Sidney Crosby.
12:29 of 3rd period - Stopped by Tomas Vokoun without a rebound.
12:30 of 3rd period - Claude Giroux wins face-off versus David Legwand in Rangers zone.
12:46 of 3rd period - Icing by Anton Stralman.
12:47 of 3rd period - Tyler Ennis wins face-off versus Craig Adams in Senators zone.
13:14 of 3rd period - Shot by Daniel Sedin.
13:14 of 3rd period - Stopped by Tomas Vokoun without a rebound.
13:15 of 3rd period - Sidney Crosby wins face-off versus David Legwand in Rangers zone.
13:52 of 3rd period - David Legwand is hit by Dion Phaneuf and loses puck.
13:54 of 3rd period - Minor Penalty to Colin White for Hooking.
13:55 of 3rd period - Tyler Ennis wins face-off versus Craig Adams in Senators zone.
13:58 of 3rd period - Shot by Vinny Prospal.
13:58 of 3rd period - Stopped by Carey Price without a rebound.
13:59 of 3rd period - Tyler Ennis wins face-off versus Craig Adams in Senators zone.
14:02 of 3rd period - Shot by Francois Beauchemin.
14:02 of 3rd period - Shot Misses the Net.
14:04 of 3rd period - Shot by Daniel Alfredsson.
14:04 of 3rd period - Shot Misses the Net.
14:34 of 3rd period - Icing by Daniel Alfredsson.
14:35 of 3rd period - Craig Adams wins face-off versus Tyler Ennis in Rangers zone.
15:19 of 3rd period - Shot by Ilya Kovalchuk.
15:19 of 3rd period - Stopped by Carey Price without a rebound.
15:20 of 3rd period - Craig Adams wins face-off versus David Legwand in Senators zone.
15:31 of 3rd period - Shot by Stephane Robidas.
15:31 of 3rd period - Stopped by Carey Price without a rebound.
15:32 of 3rd period - Tyler Ennis wins face-off versus Jay Pandolfo in Senators zone.
15:52 of 3rd period - Icing by Alex Goligoski.
15:53 of 3rd period - Vinny Prospal wins face-off versus Craig Adams in Rangers zone.
16:29 of 3rd period - James Neal is hit by Chris Kunitz and loses puck.
17:47 of 3rd period - Shot by Jason Spezza.
17:47 of 3rd period - Shot Misses the Net.
17:49 of 3rd period - Shot by Jared Cowen.
17:49 of 3rd period - Shot Blocked by Stephane Robidas.
17:51 of 3rd period - Shot by Jared Cowen.
17:51 of 3rd period - Shot Misses the Net.
17:53 of 3rd period - Shot by Jared Cowen.
17:53 of 3rd period - Shot Misses the Net.
17:55 of 3rd period - Shot by Jason Spezza.
17:55 of 3rd period - Goal by Jason Spezza - Rangers : 4 - Senators : 3.
17:56 of 3rd period - Frans Nielsen wins face-off versus Claude Giroux in neutral zone.
17:56 of 3rd period - Dan Girardi is hit by Craig Adams and loses puck.
18:00 of 3rd period - Frans Nielsen is hit by Dion Phaneuf and loses puck.
18:07 of 3rd period - Shot by Frans Nielsen.
18:07 of 3rd period - Stopped by Carey Price without a rebound.
18:08 of 3rd period - Jason Spezza wins face-off versus Tyler Ennis in Senators zone.
18:16 of 3rd period - Minor Penalty to David Clarkson for Hooking.
18:17 of 3rd period - David Legwand wins face-off versus Craig Adams in Senators zone.
18:20 of 3rd period - Shot by Francois Beauchemin.
18:20 of 3rd period - Stopped by Carey Price without a rebound.
18:21 of 3rd period - David Legwand wins face-off versus Craig Adams in Senators zone.


Output by the SimonT Hockey Simulator (STHS) for Stephane Roy -- Original Page W3C XHTML 1.0 Valid
Hockey Simulator - Hockey Simulation - Hockey Manager